vai via vai via vai via vai via, chaotic male orcish Barbarian ----------- -----.......%.| |.....`..`.`..| ----.|.|.`.-----.| |....-----.`%.--.| |.%.....`.`......| --^|....>..--.--`| --^|--------|.||.| |?.------...|.--.-- |?..^^^^^.``+.`@u.| ---------k<.|.....| |...|------ ----- vai via vai via vai via vai via the Bandit Experience level: 7 Strength: 18 Dexterity: 18 Constitution: 16 Intelligence: 9 Wisdom: 7 Charisma: 7 Health: 0(50) Energy: 7(7) Def: 9 Gold: 160 Moves: 2427 Dungeon seed: grb5Wj9oJUFWrZ8B Game ID: vai via vai via vai via vai via_1526658603 Your Inventory: Coins $ - 160 gold pieces Amulets D - an uncursed amulet of ESP (being worn) Weapons I - an uncursed -4 battle-axe (weapon in hands) Armor e - an uncursed +0 dwarvish iron helm (being worn) q - an uncursed +0 dwarvish mithril-coat (being worn) z - an uncursed -1 pair of iron shoes (being worn) Comestibles c - 4 uncursed food rations d - an uncursed orange v - an uncursed partly eaten food ration Q - 2 uncursed cram rations S - an uncursed lizard corpse Scrolls g - an uncursed scroll of create monster N - an uncursed scroll of confuse monster Potions k - an uncursed potion of gain energy l - an uncursed potion of booze r - an uncursed potion of monster detection x - an uncursed potion of full healing G - an uncursed potion of healing J - an uncursed potion of levitation K - 2 uncursed potions of hallucination M - an uncursed potion of sleeping Rings O - an uncursed ring of poison resistance Wands j - an uncursed wand of lightning (0:0) H - an uncursed wand of speed monster (0:6) R - an uncursed wand of create monster (0:11) Tools o - an uncursed credit card u - an uncursed tooled horn B - an uncursed blindfold F - an uncursed tallow candle (0:200) P - an uncursed +0 unicorn horn Gems y - an uncursed worthless piece of blue glass Spells and supernatural/magical abilities: Name Level Category Fail Memory W - pray for help -- divine ? -- Your skills at the end: Miscellaneous Skills bare handed combat [Basic] stealth [Basic] Weapon Skills axe [Basic] two-handed sword [Basic] Spellcasting Skills Final Attributes: You were piously aligned. You were poison resistant. Your writing hand was ok. You were telepathic. You had infravision. You were somewhat stealthy. You were fast. You are dead. Vanquished creatures: a large mimic a small mimic a leprechaun a quivering blob a lizard a dog a white unicorn a dust vortex a rock mole a violet fungus 4 gnome lords a gnomish wizard 2 floating eyes a kitten 8 dwarves 2 giant bats a wererat a coyote 3 hobbits 2 geckos 2 giant rats 4 cave spiders a red mold 27 gnomes a fox 3 kobolds 6 newts a grid bug 3 bats 4 lichens a kobold zombie 88 creatures vanquished. Voluntary challenges: You did not cause conflict. You were not invisible. You did not have reflection. You were not displaced. You used a wielded weapon 147 times, starting on turn 244. You did not apply a unicorn horn. You did not use plumbed fixtures. You did not drink any magical draughts. You read items or engraved 7 times, starting on turn 537. You never genocided any monsters. You never polymorphed an object. You never changed form. You used no wishes. You never split a pudding. You never wrote Elbereth's name. You never violated your personal moral code. Dungeon overview: The Dungeons of Doom: levels 1 to 6 Level 1 some fountains a long staircase Level 2 a general store, some fountains Level 3 (T) a general store Level 4 stairs to The Gnomish Mines Level 5 many fountains Level 6 (T) a fountain stairs to Sokoban The Gnomish Mines: levels 5 to 7 Level 5 stairs to The Dungeons of Doom Level 6 Level 7 many shops, a temple to Mitra, a magic chest, some fountains, some trees Sokoban: Level 5 (LUCK) <- You were here a magic chest stairs to The Dungeons of Doom History has recorded: On T:1 you entered the Dungeons of Doom to retrieve the Amulet of Yendor! On T:310 you reached level 2 of The Dungeons of Doom. On T:527 you reached level 3 of The Dungeons of Doom. On T:720 you reached level 4 of The Dungeons of Doom. On T:783 you advanced to experience level 2. On T:885 you reached level 1 of The Gnomish Mines. On T:907 you advanced to experience level 3. On T:948 you advanced to experience level 4. On T:1022 you advanced to experience level 5. On T:1141 you reached level 2 of The Gnomish Mines. On T:1250 you advanced to experience level 6. On T:1341 you reached level 3 of The Gnomish Mines. On T:1462 you prayed to Set. On T:1574 you entered the Minetown temple On T:1581 you opened a magic chest. On T:2075 you advanced to experience level 7. On T:2154 you reached level 5 of The Dungeons of Doom. On T:2246 you reached level 6 of The Dungeons of Doom. On T:2389 you reached level 4 of Sokoban. On T:2427 you prayed to Set. Score breakdown: Gold: 160 ( 16 points) Experience: 7 levels ( 600 points) Exploration: 7 levels ( 180 points) Discoveries: 27 items ( 1350 points) Variety of kills: 31 monsters ( 1550 points) Major goal: reached Minetown ( 500 points) Survival: died (score multiplied by 3) Total score: 12588 Latest messages: You stop picking the lock. That door is closed. You resume your attempt at picking the lock. You succeed in picking the lock. The gray unicorn butts! The gray unicorn misses. You smite the gray unicorn! The gray unicorn butts! The gray unicorn kicks! You smite the gray unicorn! The gray unicorn butts! The gray unicorn kicks! The gray unicorn butts! The gray unicorn misses. You begin praying to Set. The gray unicorn butts! You die... Final status: Goodbye vai via vai via vai via vai via the Barbarian, killed by a gray unicorn, while praying... You died in Sokoban on dungeon level 5 with 12588 points, and 160 pieces of gold, after 2427 moves. You were level 7 with a maximum of 50 hit points when you died.